Map: Kairos Junction LE

Players

Seither

  • Race: Terran Terran
  • Spawn Location: 11:00

iGCoffeeMs (Coffee) - Winner!

  • Race: Terran Terran
  • League: Grandmaster
  • Spawn Location: 5:00

Event: 2019 WCS Winter Americas

VOD

Have the link to the VOD?

Description

Time

  • Played on: Feb. 9, 2019, 12:31 p.m.
  • Length: 7:33

All games in this series

Show
View Real Time Build Order
Export as new Build Order

Seither Terran 

Build Orders: Mech 

Get SALT Encoding   

  12  0:01  SCV  
  13  0:13  SCV  
  14  0:17  Supply Depot  
  14  0:25  SCV  
  15  0:29  Refinery  
  15  0:38  SCV  
  16  0:45  Barracks  
  16  0:50  SCV  
  16  0:55  Refinery  
  17  1:02  SCV  
  18  1:15  SCV  
  19  1:32  Orbital Command  
  19  1:33  Reaper  
  19  1:35  Factory  
  20  1:44  Supply Depot  
  20  1:59  SCV  
  21  2:05  Reaper  
  22  2:11  SCV  
  23  2:20  Hellion  
  25  2:23  SCV  
  26  2:30  Command Center  
  26  2:35  SCV  
  27  2:39  Reaper  
  27  2:41  Hellion  
  27  2:44  Supply Depot  
  30  2:54  Starport  
  30  2:56  SCV  
  29  3:14  Factory Tech Lab, Barracks Tech Lab  
  29  3:15  SCV  
  30  3:29  SCV  
  30  3:33  Cyclone  
  34  3:34  Refinery  
  34  3:38  Raven  
  36  3:41  SCV  
  36  3:42  Orbital Command  
  37  3:53  SCV  
  38  4:05  Cyclone  
  38  4:06  SCV  
  38  4:09  SCV  
  43  4:21  Refinery  
  43  4:23  Raven  
  45  4:25  SCV x2  
  45  4:29  Supply Depot  
  47  4:33  Command Center  
  48  4:38  SCV x2  
  48  4:40  Siege Tank  
  52  4:50  SCV x2  
  52  4:51  Barracks Reactor  
  54  4:57  Supply Depot  
  54  5:02  SCV  
  54  5:03  SCV  
  55  5:14  SCV  
  55  5:15  SCV  
  55  5:17  Siege Tank  
  60  5:27  SCV x2, Factory  
  62  5:29  Factory, Supply Depot  
  62  5:34  Viking x2  
  66  5:40  Barracks Reactor  
  66  5:41  SCV x2  
  68  5:44  Supply Depot  
  68  5:46  Orbital Command  
  68  5:53  SCV x2  
  70  5:58  Siege Tank  
  73  6:09  Viking  
  73  6:10  Viking  
  74  6:15  SCV x2  
  76  6:22  Siege Tank  
  79  6:30  Siege Tank  
  63  6:40  Viking, Hellion x2  
  63  6:46  SCV x2  
  65  6:54  Siege Tank  
  65  6:59  Orbital Command  
  65  7:00  SCV x2  
  70  7:02  Supply Depot  
  77  7:17  SCV x2  
Show
View Real Time Build Order
Export as new Build Order

iGCoffeeMs Terran - Winner!

Build Orders: Gas First Reaper Expand 

Get SALT Encoding   

  12  0:00  SCV  
  13  0:13  SCV  
  14  0:17  Supply Depot  
  14  0:25  SCV  
  14  0:27  Refinery  
  15  0:39  SCV  
  16  0:43  Barracks  
  16  0:51  SCV  
  17  1:03  SCV  
  18  1:15  SCV  
  19  1:30  Reaper, Orbital Command  
  20  1:44  Command Center  
  20  1:54  Factory  
  20  1:58  SCV  
  21  2:05  Barracks Reactor  
  21  2:11  SCV  
  21  2:15  Supply Depot  
  22  2:16  Refinery  
  22  2:23  SCV  
  23  2:36  SCV  
  24  2:45  Hellion x2  
  24  2:46  Starport  
  24  2:49  SCV  
  29  2:55  Orbital Command  
  29  2:57  Barracks Tech Lab  
  29  3:07  Hellion  
  29  3:14  SCV  
  30  3:21  SCV  
  30  3:24  Hellion, Barracks Tech Lab  
  30  3:26  SCV  
  34  3:28  Hellion  
  34  3:29  Raven  
  34  3:33  SCV  
  39  3:38  SCV  
  40  3:42  Supply Depot  
  40  3:47  SCV  
  41  3:49  Refinery  
  41  3:50  SCV  
  41  3:54  Marine x2  
  44  3:57  Supply Depot  
  44  3:59  SCV  
  45  4:03  SCV, Cyclone  
  49  4:11  SCV  
  49  4:12  Marine x2  
  49  4:15  SCV  
  51  4:20  Raven  
  51  4:22  Supply Depot  
  51  4:23  SCV  
  54  4:27  SCV  
  54  4:30  Marine x2  
  57  4:34  Supply Depot  
  57  4:35  SCV  
  57  4:37  Siege Tank  
  61  4:39  SCV  
  62  4:45  Refinery  
  62  4:47  SCV  
  62  4:48  Marine x2  
  62  4:51  SCV  
  66  4:55  Supply Depot  
  66  4:56  Supply Depot  
  67  5:00  SCV  
  67  5:03  SCV  
  68  5:12  Siege Tank  
  68  5:14  Viking x2  
  73  5:18  SCV x2  
  76  5:24  Command Center  
  76  5:32  Marine  
  76  5:33  SCV x2  
  79  5:44  Viking x2  
  79  5:49  Marine  
  83  5:50  Engineering Bay  
  83  5:51  SCV x2, Engineering Bay  
  83  5:56  Siege Tank  
  89  6:07  Marine  
  90  6:14  Viking x2  
  94  6:18  Supply Depot  
  94  6:20  Barracks  
  94  6:23  Barracks  
  94  6:29  Liberator  
  94  6:32  SCV  
  82  6:48  SCV  
  82  6:52  Barracks  
  82  6:53  SCV  
  84  6:55  Barracks  
  84  6:56  Siege Tank, Marine  
  84  7:00  SCV  
  92  7:05  SCV  
  92  7:07  Refinery x2  
  92  7:08  Barracks Reactor, Supply Depot  
  93  7:12  SCV  
  94  7:17  SCV  
  94  7:22  Barracks Reactor  
Tags
 
Add a new tag
Caveats
  • Supply blocks, unpowered buildings, or Contaminate may cause inaccurate times.
  • Supply counts are checked every 10 seconds.